Unix NetHack Version 5.0.0-0 post-release - last build May  4 2026 22:22:43 (774f63e81ad911689b3a0859ea89b322d5daca8d,branch:main).

Game began 2026-05-06 09:37:18, ended 2026-05-06 10:25:42.

1142425678, neutral female human Healer

                                                                 +
                                                                 @#
                                                                  #####
                                                                      #
                                                                      #
                                                                     -|-------
                                                                     |.?.....|
                                                                     |((.[!?!|
                                                                     |?(%%%*%|
                                                                     |))![[!)|
                                                                     ---------

1142425678 the Rhizotomist   St:8 Dx:11 Co:14 In:11 Wi:15 Ch:16  Neutral
Dlvl:3  $:1302 HP:14(14) Pw:5(5) AC:8  Xp:1 T:840  Hungry  

Latest messages:
 What do you want to eat? [l or ?*] l
 Core dumped.
 You see here a scroll labeled VENZAR BORGAVVE (for sale, 75 zorkmids).
 You see here a looking glass (for sale, 10 zorkmids).
 "Hello, 1142425678!  Welcome again to Pakka Pakka's general store!"
 You do not owe Pakka Pakka anything.
 You do not owe Pakka Pakka anything.
 You see here a scroll labeled DAIYEN FOOELS (for sale, 75 zorkmids).
 "For you, esteemed lady; only 75 zorkmids for this scroll labeled DAIYEN FOOELS."
 o - a scroll labeled DAIYEN FOOELS (unpaid, 75 zorkmids).
 What do you want to drop? [$a-mo or ?*] *
 Never mind.
 What do you want to drop? [$a-mo or ?*] o
 You drop a scroll labeled DAIYEN FOOELS (unpaid, 75 zorkmids).
 You are beginning to feel hungry.
 What do you want to eat? [l or ?*] l
 Core dumped.
 "Hello, 1142425678!  Welcome again to Pakka Pakka's general store!"
 You do not owe Pakka Pakka anything.
 You see here a scroll labeled DAIYEN FOOELS (for sale, 75 zorkmids).
 You see here a towel (for sale, 38 zorkmids).
 You see here a bag (for sale, 75 zorkmids).
 You see here a sling (for sale, 15 zorkmids).
 You see here an orange potion (for sale, 113 zorkmids).
 You see here a faded pall (for sale, 45 zorkmids).
 You see here a studded leather armor (for sale, 11 zorkmids).
 You see here a purple-red potion (for sale, 150 zorkmids).
 You see here 10 bamboo arrows (for sale, 30 zorkmids).
 You see here an egg (for sale, 7 zorkmids).
 You see here a purple-red potion (for sale, 150 zorkmids).
 In what direction? 8
 You see no door there.
 In what direction? 8
 You see no door there.
 In what direction? 8
 You see no door there.
 In what direction? 8
 You see no door there.
 In what direction? 8
 You see no door there.
 You see here a scroll labeled DAIYEN FOOELS (for sale, 75 zorkmids).
 In what direction? 8
 The door resists!
 You are beginning to feel hungry.
 Really quit without saving? [yn] (n) y
 Do you want your possessions identified? [ynq] (y) y
 Do you want to see your attributes? [ynq] (y) y
 Do you want an account of creatures vanquished? [ynaq] (y) y
 Do you want to see your conduct and achievements? [ynq] (y) y
 Do you want to see the dungeon overview? [ynq] (y) y

Inventory:
 Coins    ('$')
  $ - 1302 gold pieces
 Weapons  (')')
  a - a +0 scalpel (weapon in right hand)
 Armor    ('[')
  b - an uncursed +1 pair of leather gloves (being worn)
 Comestibles  ('%')
  l - 3 uncursed apples
 Spellbooks  ('+')
  j - a blessed spellbook of extra healing
  i - a blessed spellbook of healing
  k - a blessed spellbook of stone to flesh
 Potions  ('!')
  f - a blessed potion of extra healing
  g - 3 uncursed potions of extra healing
  e - a blessed potion of healing
  d - 2 uncursed potions of healing
  m - a potion of holy water
 Wands    ('/')
  h - a wand of sleep (0:8)
 Tools    ('(')
  c - an uncursed stethoscope

1142425678 the Healer's attributes:

Background:
 You were a Rhizotomist, a level 1 female human Healer.
 You were neutral, on a mission for Hermes
 who was opposed by Athena (lawful) and Poseidon (chaotic).
 You were right-handed.
 You were in the Dungeons of Doom, on level 3.
 You entered the dungeon 840 turns ago.
 You had 8 experience points, 12 more were needed to attain level 2.

Basics:
 You had all 14 hit points.
 You had all 5 energy points (spell power).
 Your armor class was 8.
 Your wallet contained 1302 zorkmids.
 Autopickup was off.

Final Characteristics:
 Your strength was 8 (limit:18/100).
 Your dexterity was 11 (limit:18).
 Your constitution was 14 (limit:18).
 Your intelligence was 11 (limit:18).
 Your wisdom was 15 (limit:18).
 Your charisma was 16 (limit:18).

Final Status:
 You were hungry.
 You were unencumbered.
 You were wielding a knife.
 You had basic skill with knife.

Final Attributes:
 You were fervently aligned.
 You were poison resistant.
 You survived.

Miscellaneous:
 You didn't encounter any bones levels.
 Total elapsed playing time was 26 minutes and 35 seconds.

Major events:
 Turn
    1: 1142425678 the neutral female human Healer entered the dungeon
  297: entered the Gnomish Mines
  840: quit

Spells:
 Name                 Level Category     Fail Retention
 healing                1   healing        0%  91%-100%
 extra healing          3   healing       62%  91%-100%
 stone to flesh         3   healing       71%  91%-100%

Skills:
 Fighting Skills
   bare handed combat [Unskilled]
 Weapon Skills
   dagger             [Unskilled]
   knife              [Basic]
   short sword        [Unskilled]
   saber              [Unskilled]
   club               [Unskilled]
   mace               [Unskilled]
   quarterstaff       [Unskilled]
   polearms           [Unskilled]
   spear              [Unskilled]
   trident            [Unskilled]
   sling              [Unskilled]
   dart               [Unskilled]
   shuriken           [Unskilled]
   unicorn horn       [Unskilled]
 Spellcasting Skills
   healing spells     [Basic]

Voluntary challenges:
 Character rerolling was not enabled.
 You followed a strict vegan diet.
 You were an atheist.
 You were illiterate.
 You never genocided any monsters.
 You never polymorphed an object.
 You never changed form.
 You used no wishes.
Achievements:
 You entered the Gnomish Mines.
 You entered a shop.

 The Dungeons of Doom: levels 1 to 3
    Level 1:
    Level 2:
       A fountain.
       Stairs down to The Gnomish Mines.
    Level 3: <- You were here.
       A general store.
 The Gnomish Mines:
    Level 3:


Vanquished creatures:
  3 jackals
  a goblin
  a lichen
  a newt
6 creatures vanquished.

No species were genocided or became extinct.

Goodbye 1142425678 the Healer...

You quit in The Dungeons of Doom on dungeon level 3 with 150 points,
and 1302 pieces of gold, after 840 moves.
You were level 1 with a maximum of 14 hit points when you quit.

